 Dungeon Crawl Stone Soup version 0.14-a0-2359-g1e808ab (webtiles) character file.

21313 M4edhros the Covert (level 12, -11/79 HPs)
             Began as an Octopode Hunter on Jan 31, 2014.
             Was the Champion of Okawaru.
             Mangled by Snorg (28 damage)
             ... on Level 4 of the Lair of Beasts.
             The game lasted 01:15:20 (16252 turns).

M4edhros the Covert (Octopode Hunter)              Turns: 16252, Time: 01:15:20

HP -11/79        AC  2     Str 14      XL: 12   Next: 80%
MP  15/17        EV 24     Int 14      God: Okawaru [******]
Gold 822         SH  0     Dex 16      Spells:  0 memorised, 11 levels left

rFire  + . .     SeeInvis .     b - +2,+4 sling
rCold  . . .     Clarity  .     (no shield)
rNeg   . . .     Conserve .     B - +1 hat
rPois  +         rCorr    .     R - amulet of rage
rElec  .         rRot     .     s - ring of protection from fire
SustAb + .       Spirit   .     T - ring of flight
rMut   .         Warding  .     z - ring of sustenance
Saprov . . .     Stasis   .     C - ring of sustain abilities {unknown}
MR     .....                    (no ring)
                                (no ring)
                                (no ring)
                                (no ring)

@: very slightly contaminated, heroism, not resistant to hostile enchantments,
incredibly stealthy
A: almost no armour, amphibious, 8 rings, constrict 8, spike 1, camouflage 1,
blink 1, poison resistance, regeneration 1, screaming 1, strong 1, gelatinous
body 1
a: Blink, Heroism, Finesse, Renounce Religion, Evoke Berserk Rage, Evoke Flight


You were on level 4 of the Lair of Beasts.
You worshipped Okawaru.
Okawaru was exalted by your worship.
You were very hungry.

You visited 3 branches of the dungeon, and saw 17 of its levels.
You also visited: Labyrinth.

You collected 822 gold pieces.

Inventory:

Hand weapons
 b - a +2,+4 sling (weapon)
 y - a -1,+3 orcish dagger of electrocution
 U - a +0 blowgun
 V - a +3,+2 sling of flame
 W - a +2,+2 long sword of protection
Missiles
 c - 51 sling bullets
 l - 37 sling bullets of frost
 q - 43 stones
 v - 17 sling bullets of flame
 Y - 41 poisoned sling bullets (quivered)
Armour
 B - a +1 hat (worn)
Magical devices
 d - a wand of enslavement (7)
 w - a wand of disintegration (0)
 x - a wand of confusion (12)
 E - a wand of fire (0)
 X - a wand of teleportation (5)
Comestibles
 a - 2 pears
 f - 4 bread rations
 m - 9 meat rations
 o - 8 apples
 r - 4 strawberries
 M - 6 cheeses
 O - a beef jerky
 P - a choko
 S - a lychee
Scrolls
 h - a scroll of recharging
 i - a scroll of teleportation
 k - a scroll of immolation
 p - 3 scrolls of remove curse
 G - a scroll of fog
Jewellery
 e - an uncursed amulet of warding
 s - a ring of protection from fire (left tentacle)
 t - an uncursed ring of ice
 z - a ring of sustenance (on tentacle)
 C - a ring of sustain abilities (on tentacle) {unknown}
 J - an uncursed amulet of stasis
 R - an amulet of rage (around mantle)
 T - a ring of flight (right tentacle)
 Z - an uncursed amulet of inaccuracy {unknown}
Potions
 g - 2 potions of resistance
 n - a potion of lignification {unknown}
 F - 2 potions of brilliance
 H - a potion of poison
 I - a potion of confusion {unknown}
 K - 4 potions of curing
 Q - a potion of might
Books
 L - a book of Party Tricks

   Spells                             Type                      Level
   Summon Butterflies                 Summoning                    1
   Apportation                        Translocation                1
   Blink                              Translocation                2
   Alistair's Intoxication            Transmutation/Poison         4
   Tukima's Dance                     Hexes                        5
Magical staves
 j - an uncursed staff of conjuration
 u - an uncursed staff of power


   Skills:
 - Level 6.0(11.0) Fighting
 - Level 6.0(11.0) Short Blades
 + Level 12.3(17.3) Slings
 + Level 10.9(15.9) Dodging
 * Level 14.0(19.0) Stealth
 + Level 2.6 Evocations


You had 11 spell levels left.
You didn't know any spells.

Dungeon Overview and Level Annotations

Branches:
Dungeon (12/16)            Temple (1/1) D:7             Orc (0/4) D:10
   Lair (4/8) D:11         Spider (0/5) Lair:3
  Swamp: Lair:3-6    Shoals: Lair:3-6     Snake: Lair:3-6

Altars:
Ashenzari
Cheibriados
Dithmengos
Elyvilon
Fedhas
Kikubaaqudgha
Makhleb
Nemelex Xobeh
Okawaru
Sif Muna
Trog
Vehumet
Xom
Yredelemnul
Zin
The Shining One

Shops:
D:10 [   D:11 (

Annotations:
D:4 exclusion: ogre
D:7 exclusions: centaur and 6 more exclusions
Lair:1 exclusion: basilisk
Lair:4 Snorg


Innate Abilities, Weirdness & Mutations

You cannot wear most types of armour.
You are amphibious.
You can wear up to eight rings at the same time.
You can use your tentacles to constrict many enemies at once.
Your skin changes colour to match your surroundings (Stlth).
Your rubbery body absorbs attacks (AC +1).
One of your tentacles bears a spike.
You can translocate small distances at will.
Your system is resistant to poisons.
Your natural rate of healing is unusually fast.
You occasionally shout uncontrollably.
Your muscles are strong. (Str +2)


Message History

Snorg rages.
Evoke which item? (* to show all) (? for menu, Esc to quit)
Zapping:
E - a wand of fire (1)
Press: ? - help, Shift-Dir - straight line, f/p - Snorg
Aim: Snorg (heavily wounded, poisoned, berserk, catching his breath)
The bolt of fire hits Snorg.
Snorg is severely wounded.
This wand has 0 charges left.
Read which item? (? for menu, Esc to quit)
As you read the scroll of fear, it crumbles to dust.
You assume a fearsome visage.
Snorg resists with almost no effort.
Snorg completely misses you. Snorg closely misses you. Snorg misses you.
Snorg completely misses you. Snorg misses you. Snorg claws you!
* * * LOW HITPOINT WARNING * * *
Drink which item? (? for menu, Esc to quit)
Okay, then.
Use which ability? (? or * to list)
You gain the combat prowess of a mighty hero.
You feel slightly more hungry. Snorg bites you!
You die...

,,,*,,,,......#...(..##*####,,**,
,,,,,,,,........(#...f##.#P#.,***
**,***,,.#.#..................*
*,*****,,, #.................#*
*,,,,,,,,..#.................#*
*,,*,*,*,............<........#
,,,**,,#.....................#*
*,****,#........T............P# *
,,***#.#.......#@....##.##.f..* *
,,*,...#.......#...###*## *..#*##
*,,,*....#...#.#.#.## ###..##.#
*,,,,*#f.......#....#####..#F....
,,,,,*#..#f.#.#.....#.#.f.#..P..#
,,,..#,#................f......!.
*,,,#.####.#.###..>#..####..#.#..
*,...#.....#.# #.#.#####*#...<...
*,,,#......### #...#* ##.#....P..


You could see Snorg (berserk).

Vanquished Creatures
  Gastronok (Lair:3)
  A minotaur (Lab)
  3 hydras
  Nessos (D:11)
  Pikel (D:8)
  Joseph (D:11)
  A cyclops (D:11)
  3 spiny frogs
  A fire drake (D:11)
  4 komodo dragons
  2 slime creatures (D:12)
  7 blink frogs
  A basilisk (Lair:3)
  A hog (D:10)
  10 yaks
  The ghost of Econoterrorist the Chopper, an average MiBe of Trog (D:3)
  A wyvern (Lair:2)
  A hippogriff (Lair:3)
  6 humans
  Edmund (D:8)
  5 porcupines
  2 slaves (D:8)
  5 orc warriors
  An ice beast (D:9)
  3 sky beasts
  3 ogres
  5 giant goldfish
  A black bear (D:6)
  2 dwarves (Lair:2)
  5 lava worms (D:10)
  4 centaurs
  12 giant frogs
  3 crocodiles
  2 giant slugs
  2 agate snails
  7 water moccasins
  A hippogriff zombie (D:10)
  7 jellyfish
  2 troll skeletons
  2 goliath beetles
  3 electric eels
  3 crimson imps
  2 lava snakes (D:10)
  2 giant frog skeletons
  8 spiders (Lair:3)
  4 jellies
  3 big fish
  11 hounds
  4 iguanas
  4 orc priests
  10 orc wizards
  6 worker ants
  10 sheep
  A crocodile skeleton (D:10)
  13 adders
  A giant centipede (D:10)
  17 green rats
  An orc zombie (D:7)
  An inept item mimic (Lair:1)
  An inept feature mimic (D:6)
  9 worms
  An iguana zombie (D:9)
  8 giant geckos
  2 oozes
  42 orcs
  A ball python (D:2)
  3 giant cockroaches
  6 hobgoblins
  18 jackals
  9 quokkas
  16 bats
  4 giant newts
  2 giant spores
  14 goblins
  11 kobolds
  A kobold zombie (D:8)
  2 orc skeletons
  11 rats
  9 ballistomycetes
  2 plants
398 creatures vanquished.

Vanquished Creatures (collateral kills)
  A giant eyeball (D:8)
1 creature vanquished.

Grand Total: 399 creatures vanquished

Notes
Turn   | Place    | Note
--------------------------------------------------------------
     0 | D:1      | M4edhros, the Octopode Hunter, began the quest for the Orb.
     0 | D:1      | Reached XP level 1. HP: 13/13 MP: 1/1
    90 | D:1      | Gained mutation: Your system is resistant to poisons. [potion of mutation]
    90 | D:1      | Gained mutation: Your body is slowly deteriorating. [potion of mutation]
    90 | D:1      | Gained mutation: You occasionally shout uncontrollably. [potion of mutation]
   132 | D:1      | Gained mutation: You can translocate small distances at will. [potion of mutation]
   132 | D:1      | Gained mutation: Your muscles are strong. (Str +2) [potion of mutation]
   132 | D:1      | Gained mutation: One of your tentacles bears a spike. [potion of mutation]
   133 | D:1      | Gained mutation: Your natural rate of healing is unusually fast. [potion of mutation]
   133 | D:1      | Gained mutation: You evolve. [potion of mutation]
   234 | D:1      | Reached XP level 2. HP: 16/18 MP: 2/2
   640 | D:2      | Reached XP level 3. HP: 21/23 MP: 3/3
   698 | D:2      | Reached skill level 5 in Slings
  1055 | D:3      | Reached XP level 4. HP: 25/28 MP: 4/4
  1206 | D:3      | Noticed Econoterrorist's ghost (average MiBe)
  1261 | D:3      | Killed Econoterrorist's ghost
  1261 | D:3      | Reached skill level 6 in Slings
  1261 | D:3      | Reached XP level 5. HP: 14/33 MP: 5/5
  1352 | D:3      | Reached skill level 7 in Slings
  1366 | D:4      | Reached XP level 6. HP: 23/38 MP: 6/6
  1804 | D:4      | Noticed an ogre
  1977 | D:5      | Entered Level 5 of the Dungeon
  2723 | D:5      | Reached skill level 1 in Short Blades
  2850 | D:6      | Reached XP level 7. HP: 44/44 MP: 7/7
  2879 | D:6      | Found a glowing drain.
  2889 | D:6      | the glowing drain was a mimic.
  3190 | D:6      | Reached XP level 8. HP: 44/51 MP: 8/8
  3264 | D:6      | Found a burning altar of Makhleb.
  3358 | D:6      | Found a burning altar of Makhleb.
  3374 | D:6      | Found an iron altar of Okawaru.
  3391 | D:6      | Found a shimmering altar of Xom.
  3392 | D:6      | Found a glowing golden altar of the Shining One.
  3393 | D:6      | Found an ancient bone altar of Kikubaaqudgha.
  3394 | D:6      | Found a radiant altar of Vehumet.
  3395 | D:6      | Found a shattered altar of Ashenzari.
  3396 | D:6      | Found a white marble altar of Elyvilon.
  3399 | D:6      | Became a worshipper of Warmaster Okawaru
  4399 | D:6      | Lost mutation: Your body is slowly deteriorating. [evolution]
  4519 | D:7      | Found a blossoming altar of Fedhas.
  4934 | D:7      | Found a staircase to the Ecumenical Temple.
  4944 | Temple   | Entered the Ecumenical Temple
  5369 | D:8      | Reached skill level 8 in Slings
  5524 | D:8      | Reached skill level 5 in Stealth
  5989 | D:8      | Noticed Edmund
  6015 | D:8      | Reached XP level 9. HP: 45/58 MP: 9/9
  6021 | D:8      | Reached skill level 5 in Dodging
  6025 | D:8      | Acquired Okawaru's first power
  6055 | D:8      | Killed Edmund
  6134 | D:8      | Noticed Pikel
  6143 | D:8      | Killed Pikel
  6143 | D:8      | Reached skill level 5 in Fighting
  6193 | D:8      | Reached skill level 5 in Short Blades
  6193 | D:8      | Reached skill level 9 in Slings
  6968 | D:9      | Reached XP level 10. HP: 64/66 MP: 10/10
  7599 | D:10     | Entered Level 10 of the Dungeon
  7719 | D:10     | Lost mutation: You evolve. [end of evolution]
  7935 | D:10     | Found a staircase to the Orcish Mines.
  8951 | D:10     | Found Choat's Armour Boutique.
  9208 | D:10     | Received a gift from Okawaru
  9593 | D:10     | Reached skill level 10 in Stealth
  9656 | D:10     | Reached skill level 10 in Slings
  9749 | D:10     | Reached XP level 11. HP: 61/72 MP: 11/11
  9832 | D:11     | Noticed Nessos
  9888 | D:11     | Noticed Joseph
 10000 | D:11     | Killed Joseph
 10118 | D:11     | Found a staircase to the Lair.
 10176 | D:11     | Killed Nessos
 10176 | D:11     | Received a gift from Okawaru
 10176 | D:11     | Acquired Okawaru's second power
 10406 | D:11     | Found Shrixzis' Antique Weapon Shop.
 10478 | D:12     | Received a gift from Okawaru
 10648 | Lair:1   | Entered Level 1 of the Lair of Beasts
 10766 | Lair:1   | Reached skill level 11 in Slings
 11864 | Lair:2   | Noticed an eight-headed hydra
 11912 | Lair:2   | Found an iron altar of Okawaru.
 11968 | Lair:2   | Killed an eight-headed hydra
 11968 | Lair:2   | Received a gift from Okawaru
 11968 | Lair:2   | Reached skill level 10 in Dodging
 12221 | Lair:2   | Reached XP level 12. HP: 72/79 MP: 12/12
 12561 | Lair:3   | Noticed a seven-headed hydra
 12754 | Lair:3   | Killed a seven-headed hydra
 12754 | Lair:3   | Reached skill level 12 in Stealth
 12862 | Lair:3   | Found a hole to the Spider Nest.
 13006 | Lair:3   | Received a gift from Okawaru
 13172 | Lair:3   | Noticed Gastronok
 13204 | Lair:3   | Killed Gastronok
 13215 | Lair:3   | Received a gift from Okawaru
 13305 | Lair:3   | Noticed a six-headed hydra
 13313 | Lair:3   | Killed a six-headed hydra
 13313 | Lair:3   | Received a gift from Okawaru
 13313 | Lair:3   | Reached skill level 13 in Stealth
 13995 | Lair:3   | Reached skill level 1 in Evocations
 14287 | Lair:4   | Found a labyrinth entrance.
 14302 | Lab      | Entered a labyrinth
 15868 | Lab      | Noticed a minotaur
 15906 | Lab      | Killed a minotaur
 16102 | Lair:4   | Received a gift from Okawaru
 16142 | Lair:4   | Reached skill level 14 in Stealth
 16199 | Lair:4   | Noticed Snorg
 16252 | Lair:4   | Mangled by Snorg

Action                   |  1- 3 |  4- 6 |  7- 9 | 10-12 || total
-------------------------+-------+-------+-------+-------++-------
Melee: Short sword       |    59 |       |       |       ||    59
       Dagger            |       |    67 |   132 |   531 ||   730
       Hand axe          |       |     4 |       |       ||     4
       Sling             |       |       |     8 |       ||     8
 Fire: Sling             |     8 |    32 |   238 |   311 ||   589
       Blowgun           |       |       |       |    33 ||    33
Throw: Stone             |       |       |       |     1 ||     1
Invok: Heroism           |       |       |       |     7 ||     7
 Abil: Evoke Berserk Rag |       |       |       |     1 ||     1
Evoke: Wand              |       |     3 |       |    27 ||    30
  Use: Potion            |     5 |     4 |     4 |     2 ||    15
       Scroll            |       |    21 |    11 |     9 ||    41
 Stab: Sleeping          |     6 |     4 |     7 |    19 ||    36
       Distracted        |       |       |       |     3 ||     3
